AoeStats
← iDs

Arena

507642372Analyzed
1v1 RM · 13d ago on Sep 19, 2026· 31m 22s· 2 players
Game mode
Random Map
Map size
Tiny (2 player)
Population
200
Speed
Normal
Resources
Standard
Victory
Conquest
Starting age
Dark Age
Ending age
Imperial Age
RankedLock teamsTeams togetherTeam positionsShared explorationLock speedFull tech treeHidden civsTurbo modeCheats
Victory
Defeat
🇦🇷 Malay · Argentina
720
+18
🇦🇷 Koreans · Argentina
764
-18
Lord_Engineer
7:28 Loom
10:59 Feudal Age
15:51 Castle Age
17:54 Forging
18:55 Fletching
21:21 Double-Bit Axe
22:05 Bodkin Arrow
28:04 Horse Collar
32:28 Imperial Age
iDs
12:21 Feudal Age
12:45 Horse Collar
12:52 Double-Bit Axe
17:56 Castle Age
16:16 Stone Mining
16:48 Fletching
17:19 Gold Mining
20:36 Heavy Plow
21:56 Ballistics
23:52 Town Watch
Connection lost

Rejoining the realm…

Still unreachable

The connection could not be restored.

Session expired

The server has moved on; the page needs a fresh start.